 Dungeon Crawl Stone Soup version 0.29.1-12-g30fa7ad0bf (webtiles) character file.

Game seed: 14242226474426651312

29 OTABOTABOTAB the Caller (level 3, 14/14 HPs)
             Began as a Felid Summoner on Jan 17, 2023.
             Quit the game on level 1 of the Dungeon.
             The game lasted 00:02:51 (904 turns).

OTABOTABOTAB the Caller (Felid Summoner)             Turns: 904, Time: 00:02:51

Health: 14/14      AC:  1    Str:  6    XL:     3   Next: 1%
Magic:  1/8        EV: 17    Int: 16    God:
Gold:   38         SH:  0    Dex: 16    Spells: 4/7 levels left
                                        Lives:  0   Deaths: 0

rFire   . . .      SeeInvis +   (weapon unavailable)
rCold   . . .      Faith    .   (shield unavailable)
rNeg    . . .      Spirit   .   (body armour unavailable)
rPois   .          Reflect  .   (helmet unavailable)
rElec   .          Harm     .   (cloak unavailable)
rCorr   .          Rampage  .   (gloves unavailable)
Will    .....                   (boots unavailable)
Stlth   ++........              (no amulet)
HPRegen 0.04/turn               (no ring)
MPRegen 0.11/turn               (no ring)

@: quick
A: very small, claws 1, fangs 3, see invisible, speed 1, shaggy fur 1, stealthy
paws, no weapons or thrown items, no armour, multi-lived
a: no special abilities


You were on level 1 of the Dungeon.
You visited 1 branch of the dungeon, and saw 1 of its levels.

You collected 38 gold pieces.

Inventory:

Scrolls
 a - a scroll of acquirement {unknown}
 b - a scroll of butterflies {unknown}
Potions
 M - a potion of magic


   Skills:
 - Level 2.6 Dodging
 - Level 2.6 Stealth
 + Level 2.7 Spellcasting
 + Level 4.5 Summonings


You had 4 spell levels left.
You knew the following spells:

 Your Spells              Type           Power      Damage    Failure   Level
a - Summon Small Mammal   Summ           64%        N/A       3%          1
c - Call Imp              Summ           16%        N/A       4%          2

Your spell library contained the following spells:

 Spells                   Type           Power      Damage    Failure   Level
 Call Canine Familiar     Summ           16%        N/A       9%          3
 Summon Guardian Golem    Hex/Summ       9%         N/A       22%         3
 Summon Lightning Spire   Summ/Air       9%         N/A       58%         4


Dungeon Overview and Level Annotations

Branches:
Dungeon (1/15)

Altars:


Innate Abilities, Weirdness & Mutations

You have sharp claws.
You have razor-sharp teeth.
You have supernaturally acute eyesight. (SInv)
You cover ground quickly. (Speed+)
You are covered in fur. (AC +1)
Your paws help you pounce on unaware monsters.
You are incapable of wielding weapons or throwing items.
You cannot wear armour.
You gain extra lives every three experience levels.


Message History

t - Meow!
Orders for allies: a - Attack new target. r - Retreat! s - Stop attacking. g - Guard the area. f - Follow me.
Anything else - Cancel.
Gang up on whom?
Really target yourself? [Y]es or [N]o only, please.
Really target yourself? [Y]es or [N]o only, please.
Really target yourself? [Y]es or [N]o only, please.
Really target yourself?
Okay, then.
Unknown command.
Unknown command.
Something misses your crimson imp.
Something barely misses your crimson imp.
Something hits your crimson imp but does no damage.
Something closely misses your crimson imp.
You swap places.
The bat barely misses you. The bat hits you but does no damage.
The bat closely misses you.
The bat closely misses your crimson imp.
The bat closely misses you. The bat barely misses you. The bat hits you.
Your crimson imp barely misses the bat.
Your rat bites the bat.
You take 1 damage, and have 10/11 hp.
The bat closely misses you.
Your crimson imp closely misses the bat.
The bat hits you.
Your rat barely misses the bat.
Your crimson imp closely misses the bat.
You take 1 damage, and have 9/11 hp.
The bat closely misses you.
Your crimson imp barely misses the bat.
Your rat barely misses the bat.
The bat hits you but does no damage.
Your crimson imp barely misses the bat.
Your rat bites the bat but does no damage.
The bat barely misses you. The bat hits you but does no damage.
Your crimson imp misses the bat.
Your rat barely misses the bat.
The bat completely misses you.
Your rat closely misses the bat.
Your crimson imp hits the bat.
The bat hits your rat but does no damage.
The bat misses you. The bat hits your crimson imp.
Your rat bites the bat.
Your crimson imp hits the bat.
The bat dies!
You start resting.
Your rat disappears in a puff of smoke! x2
Your crimson imp disappears in a puff of smoke!
Health restored: 11; MP restored: 6 You see here a bat corpse.
A goblin comes into view. It is wielding a +0 club.
Found a stone staircase leading down.
A goblin is nearby!
A beastly little devil appears in a puff of flame.
You now have 4/6 mp.
The goblin shouts!
A kobold comes into view. It is wielding a +0 dagger.
A goblin comes into view. It is wielding a +0 dagger.
You now have 3/6 mp.
The goblin shouts!
You now have 2/6 mp.
What are your orders? t - Meow!
Orders for allies: a - Attack new target. r - Retreat! s - Stop attacking. g - Guard the area. f - Follow me.
Anything else - Cancel.
Gang up on whom?
Aim: a goblin, wielding a +0 dagger Attack!
The goblin closely misses your bat.
Your bat closely misses the goblin.
Your crimson imp blinks!
Your bat barely misses the goblin.
Your rat closely misses the goblin.
Your bat hits the goblin. The goblin misses you.
The goblin completely misses your bat.
Your rat bites the goblin.
Your crimson imp blinks!
Your bat closely misses the goblin.
Your bat hits the goblin. The goblin closely misses you.
Your rat bites the goblin.
The goblin dies!
Your bat hits the goblin. Your rat misses the goblin.
The kobold misses your bat.
The goblin hits your bat with a +0 club.
Your bat dies!
Your bat's corpse disappears in a puff of smoke!
A beastly little devil appears in a puff of frigid air.
Your rat completely misses the goblin.
The kobold closely misses your rat.
You now have 0/6 mp.
Unknown command.
Your rat bites the goblin.
The kobold hits your rat with a +0 dagger.
Unknown command.
You swap places.
Your rat bites the goblin.
The goblin dies!
You have reached level 3!
Your experience leads to an increase in your attributes!
Increase (s)trength, (i)ntelligence, or (d)exterity?
You feel stronger. x2
Health restored: 14 Your rat bites the kobold.
The kobold hits your white imp with a +0 dagger.

#.#....# #.###..# #......#
#.####.####.# .## #
#......####.###### ....#>
#............
......#########.####.#.####
......)r........###.#..##
.......K5.@.#.####.##...#
....#####.........###...# .
..#####.###†####÷##.).###
.............####)#..†..†
.######.#...>..)...).....
#............######
##############


You could see a kobold (ally target), a friendly white imp (summoned) and a
friendly rat (summoned).

Vanquished Creatures (collateral kills)
  4 ball pythons (D:1)
  2 bats (D:1)
  An endoplasm (D:1)
  6 goblins (D:1)
  4 hobgoblins (D:1)
  3 jackals (D:1)
  A kobold (D:1)
  A quokka (D:1)
  A frilled lizard (D:1)
  A rat (D:1)
24 creatures vanquished.

Notes
Turn   | Place    | Note
-------+----------+-------------------------------------------
     0 | D:1      | OTABOTABOTAB the Felid Summoner began the quest for the
                  | Orb.
     0 | D:1      | Reached XP level 1. HP: 7/7 MP: 4/4
   261 | D:1      | Reached XP level 2. HP: 11/11 MP: 1/6
   352 | D:1      | Learned a level 2 spell: Call Imp
   903 | D:1      | Reached XP level 3. HP: 14/14 MP: 1/8
   904 | D:1      | Quit the game

Illustrated notes

Levels and vault maps discovered:
D:1:      lemuel_arrival_muddy, layout_loops_ring

Action                   || total
-------------------------++-------
 Cast: Summon Small Mamm ||    30
       Call Imp          ||    11
Armor: Skin              ||     3
Dodge: Dodged            ||    14

Table legend: (Time is in decaauts)
 A = Elapsed time spent in this place.
 B = Non-inter-level travel time spent in this place.
 C = Inter-level travel time spent in this place.
 D = Time resting spent in this place.
 E = Time spent auto-exploring this place.
 F = Levels seen in this place.
 G = Mean time per level.
                   A        B        C        D        E       F      G
               +--------+--------+--------+--------+--------+-----+--------+
         Total |    823 |    823 |      0 |     54 |    537 |   1 |  823.0 |
       Dungeon |    823 |    823 |      0 |     54 |    537 |   1 |  823.0 |
               +--------+--------+--------+--------+--------+-----+--------+

Top non-repeatable levels by time:
     D:1: 823 daAuts

Table legend:
 A = Kills in this place as a percentage of kills in entire the game.
 B = Kills by you in this place as a percentage of kills by you in the entire game.
 C = Kills by friends in this place as a percentage of kills by friends in the entire game.
 D = Other kills in this place as a percentage of other kills in the entire game.
 E = Experience gained in this place as a percentage of experience gained in the entire game.
 F = Experience gained in this place divided by the number of levels of this place that you have seen.
                   A       B       C       D       E      F
               +-------+-------+-------+-------+-------+----------------------
         Total | 100.0 |   N/A | 100.0 |   N/A | 100.0 |  42.0
       Dungeon | 100.0 |   N/A | 100.0 |   N/A | 100.0 |  42.0
               +-------+-------+-------+-------+-------+----------------------
